 Dungeon Crawl Stone Soup version 0.27-a0-797-g27d10ad80f (webtiles) character file.

Game seed: 11741647560569726782

92 HoaS the Magician (level 4, -4/31 HPs)
             Began as a Djinni Ice Elementalist on Mar 27, 2021.
             Slain by Natasha (7 damage)
             ... on level 3 of the Dungeon.
             The game lasted 00:07:09 (3065 turns).

HoaS the Magician (Djinni Ice Elementalist)         Turns: 3065, Time: 00:07:09

Health: -4/31      AC:  4    Str:  7    XL:     4   Next: 60%
Gold:   176        EV: 13    Int: 17    God:
                   SH:  0    Dex: 14

rFire    + + .     SeeInvis .   e - +0 short sword (drain)
rCold    x . .     Faith    .   (no shield)
rNeg     . . .     Spirit   .   a - +0 robe
rPois    ∞         Reflect  .   j - +1 helmet
rElec    .         Harm     .   c - scarf {+Inv}
rCorr    .         Rampage  .   (no gloves)
Will     .....                  (boots unavailable)
Stlth    ++........             (no amulet)
HPRegen  0.10/turn              (no ring)
MPRegen  0.00/turn              (no ring)

@: flying
A: fire resistance 2, cold vulnerability 1, float, innate caster, hp casting,
extra vitality 1
a: Evoke Invisibility


You were on level 3 of the Dungeon.
You visited 1 branch of the dungeon, and saw 3 of its levels.

You collected 176 gold pieces.

Inventory:

Hand Weapons
 e - a +0 short sword of draining (weapon)
Armour
 a - a +0 robe (worn)
 c - a scarf of invisibility (worn)
 h - a +0 cloak
 j - a +1 helmet (worn)
Scrolls
 b - 2 scrolls of noise
 k - 2 scrolls of identify
Potions
 d - 2 potions of brilliance
 f - a potion of haste {unknown}
 g - 2 potions of heal wounds {unknown}
 i - a potion of lignification {unknown}


   Skills:
 + Level 3.9 Dodging
 - Level 1.5 Stealth
 + Level 4.4 Spellcasting


You couldn't memorise any spells.
You knew the following spells:

 Your Spells              Type           Power      Damage    Failure   Level
a - Freeze                Ice            72%        1d9       2%          1
b - Frozen Ramparts       Ice            36%        1d5       8%          3
c - Ozocubu's Armour      Ice            18%        N/A       8%          3
d - Hailstorm             Conj/Ice       18%        3d6       24%         4
e - Summon Ice Beast      Ice/Summ       18%        N/A       24%         4
f - Corona                Hex            20%        N/A       2%          1
Your spell library was empty.

Dungeon Overview and Level Annotations

Branches:
Dungeon (3/15)

Altars:
Elyvilon
Ru
Trog
The Shining One

Shops:
D:3 :

Annotations:
D:3 Natasha


Innate Abilities, Weirdness & Mutations

You are immune to poison.
Your flesh is very heat resistant. (rF++)
You are vulnerable to cold. (rC-)
You float through the air rather than walking.
You learn spells naturally, not from books.
Your magical power is your life essence.
You have superior vitality. (+4 HP)


Message History

You kill the dart slug!
You see here a dart slug corpse.
You see here a giant cockroach corpse.
A ball python comes into view.
A ball python is nearby!
The ball python hisses angrily.
You hit the ball python.
You kill the ball python!
You can't see any susceptible monsters within range! (Use Z to cast anyway.)
Found a white marble altar of Elyvilon.
There is a fountain of clear blue water here.
Natasha, Servant of Life and Death comes into view.
Natasha hisses angrily.
Natasha enters a dispersal trap!
You blink.
Natasha casts a spell at you. The magic dart hits you.
Natasha casts a spell.
The white imp shouts, "Return whence thou came, thou peaked ruttish flirt-gill!"
Natasha casts a spell.
The white imp gestures at you. The puff of frost hits you.
You feel a terrible chill!
You freeze Natasha!
Natasha is heavily wounded.
Natasha claws you. The white imp gestures at you. The puff of frost hits you!
You feel a terrible chill!
* * * LOW HITPOINT WARNING * * *
You are too injured to fight recklessly!
You are too injured to fight recklessly!
Okay, then.
Casting: Freeze (safe; 2% risk of failure)
Confirm with . or Enter, or press ? or * to list all spells.
Aiming: Freeze (safe; 2% risk of failure)
Press: ? - help, Shift-Dir - straight line, f/p - Natasha
Aim: Natasha (heavily wounded)
You freeze Natasha.
Natasha is severely wounded.
* * * LOW HITPOINT WARNING * * *
Natasha claws you!
You die...

#.......# #. #.......#
#. ##########.......# #.
.................# #.
...#.#.#.#.#.#..## ##
......5.........#
.....⌠.....⌠....#
.......5h.......# #
.....⌠..@..⌠...## #####
....^..........# #....
...#.#.#.#.#.#.# #....
#...........†.# ##...#
##########...######.....
#.........†.†....
#..........##.P≈P
#..........##.P≈.
#..........##..P.


You could see Natasha, a white imp (summoned) and a shadow imp (summoned).

Vanquished Creatures
  4 adders
  A worm (D:2)
  A dart slug (D:3)
  2 orcs (D:3)
  3 ball pythons
  A bat (D:1)
  An endoplasm (D:1)
  3 giant cockroaches
  6 goblins
  6 hobgoblins
  4 jackals (D:3)
  4 kobolds
  4 quokkas
  A frilled lizard (D:2)
  2 rats
43 creatures vanquished.

Vanquished Creatures (others)
  3 fungi (D:2)
  8 plants (D:2)
11 creatures vanquished.

Grand Total: 54 creatures vanquished

Notes
Turn   | Place    | Note
-------+----------+-------------------------------------------
     0 | D:1      | HoaS the Djinni Ice Elementalist began the quest for the
                  | Orb.
     0 | D:1      | Reached XP level 1. HP: 15/15 MP: 0/0
   172 | D:1      | Reached XP level 2. HP: 16/21 MP: 0/0
  1209 | D:2      | Found a bloodstained altar of Trog.
  1294 | D:2      | Reached skill level 4 in Spellcasting
  1294 | D:2      | Reached XP level 3. HP: 18/25 MP: 0/0
  1294 | D:2      | Learned a level 1 spell: Corona
  2069 | D:2      | Found a sacrificial altar of Ru.
  2153 | D:3      | Reached XP level 4. HP: 24/31 MP: 0/0
  2827 | D:3      | Found Atucaikh's Book Shoppe.
  3010 | D:3      | Found a glowing golden altar of the Shining One.
  3046 | D:3      | Found a white marble altar of Elyvilon.
  3055 | D:3      | Noticed Natasha
  3065 | D:3      | Slain by Natasha

Illustrated notes

Levels and vault maps discovered:
D:1:      minmay_arrival_wavy_path, layout_basic, grunt_decor_resistance
D:2:      layout_loops_ring, old_standard_altar, nicolae_ru_the_path_less_chosen
D:3:      layout_basic, tso_oasis_becter, elyvilon_altar_5, serial_shops, shop,
          uniq_natasha

Skill      XL: |  1  2 |
---------------+-------+-----
Dodging        | 3 |  3.9
Spellcasting   | 4 |  4.4
Stealth        | |  1.5

Action                   |  1- 3 |  4- 6 || total
-------------------------+-------+-------++-------
Melee: Dagger            |     2 |       ||     2
       Unarmed           |     1 |       ||     1
       Short sword       |     2 |     8 ||    10
 Cast: Freeze            |    40 |    29 ||    69
  Use: Scroll            |     7 |     2 ||     9
 Stab: Sleeping          |     2 |     1 ||     3
Armor: Robe              |     3 |     2 ||     5
Dodge: Dodged            |    17 |    18 ||    35

Table legend: (Time is in decaauts)
 A = Elapsed time spent in this place.
 B = Non-inter-level travel time spent in this place.
 C = Inter-level travel time spent in this place.
 D = Time resting spent in this place.
 E = Time spent auto-exploring this place.
 F = Levels seen in this place.
 G = Mean time per level.
                   A        B        C        D        E       F      G
               +--------+--------+--------+--------+--------+-----+--------+
         Total |   3064 |   3006 |     58 |   1049 |   1590 |   3 | 1021.3 |
       Dungeon |   3064 |   3006 |     58 |   1049 |   1590 |   3 | 1021.3 |
               +--------+--------+--------+--------+--------+-----+--------+

Top non-repeatable levels by time:
     D:1: 1178 daAuts
     D:2: 951 daAuts
     D:3: 934 daAuts
